 Dungeon Crawl Stone Soup version 0.18-a0-1774-gce1f7b6 (webtiles) character file.

97 Quirk the Covered (level 4, -3/29 HPs)
             Began as a Gargoyle Fighter on Apr 13, 2016.
             Slain by skelma's ghost (10 damage)
             ... on level 3 of the Dungeon on Apr 16, 2016.
             The game lasted 00:05:10 (1867 turns).

Quirk the Covered (Gargoyle Fighter)                Turns: 1867, Time: 00:05:10

Health: -3/29      AC:  8    Str: 21    XL:     4   Next: 68%
Magic:  4/4        EV:  9    Int:  8    God:
Gold:   104        SH:  9    Dex:  9    Spells: 0 memorised, 3 levels left

rFire  . . .     SeeInvis .     a - +0 flail
rCold  . . .     Gourm    +     o - +1 animal skin
rNeg   + . .     Faith    .     c - +0 shield
rPois  ∞         Spirit   .     p - +0 helmet
rElec  +         Dismiss  .     (no cloak)
rCorr  .         Reflect  .     (no gloves)
SustAt .         Harm     .     (no boots)
MR     .....                    r - amulet of the gourmand
Stlth  +.........               (no ring)
                                (no ring)

@: not resistant to hostile enchantments, very unstealthy
A: negative energy resistance 1, electricity resistance, unbreathing,
petrification resistance, rot immunity, AC +3
a: no special abilities


You were on level 3 of the Dungeon.
You were very full.

You visited 1 branch of the dungeon, and saw 3 of its levels.

You collected 104 gold pieces.

Inventory:

Hand Weapons
 a - a +0 flail (weapon)
 e - a +0 whip
Missiles
 k - a throwing net (quivered)
Armour
 b - a +0 scale mail
 c - a +0 shield (worn)
 o - a +1 animal skin (worn)
 p - a +0 helmet (worn)
 s - a cursed +0 large shield
Jewellery
 r - an amulet of the gourmand (around neck)
Scrolls
 g - a scroll of teleportation {unknown}
 h - 2 scrolls of identify {unknown}
 j - a scroll of immolation {unknown}
 l - 2 scrolls of remove curse {unknown}
 m - a scroll of amnesia {unknown}
Potions
 d - 2 potions of might
 n - a potion of invisibility {unknown}
 t - a potion of curing {unknown}
 u - a potion of cure mutation {unknown}
Books
 q - a book of Beasts

   Spells                             Type                      Level
   a - Summon Butterflies             Summoning                    1
   b - Call Canine Familiar           Summoning                    3
   c - Summon Ice Beast               Ice/Summoning                4
   d - Summon Mana Viper              Hexes/Summoning              5
   e - Summon Hydra                   Summoning                    7
Comestibles
 f - 2 bread rations
 i - a meat ration


   Skills:
 + Level 4.1 Fighting
 + Level 2.3 Maces & Flails
 + Level 4.1 Armour
 + Level 0.5 Dodging
 + Level 1.2 Stealth
 + Level 3.9 Shields


You had 3 spell levels left.
You didn't know any spells.

Dungeon Overview and Level Annotations

Branches:
Dungeon (3/15)

Altars:
Nemelex Xobeh

Annotations:
D:3 skelma's ghost, amateur TrFi


Innate Abilities, Weirdness & Mutations

You are resistant to torment.
Your stone body is resilient (AC +3).
You are immune to poison.
You resist negative energy.
You are resistant to electric shocks.
You can survive without breathing.
You are immune to petrification.
You are immune to rotting.


Message History

Skelma's ghost is lightly damaged.
The bat hits you but does no damage. Skelma's ghost completely misses you.
You sock skelma's ghost!
Skelma's ghost is moderately damaged.
The bat barely misses you. Skelma's ghost barely misses you.
You block skelma's ghost's attack.
You closely miss skelma's ghost.
Skelma's ghost is moderately damaged.
The bat hits you but does no damage. You block skelma's ghost's attack.
The bat hits you but does no damage.
You hit skelma's ghost but do no damage.
Skelma's ghost is moderately damaged.
The bat barely misses you.
Skelma's ghost dodges and says, "Too slow!"
Skelma's ghost hits you. Skelma's ghost hits you!
* * * LOW HITPOINT WARNING * * *
You sock skelma's ghost!
Skelma's ghost is heavily damaged.
You block the bat's attack. Skelma's ghost hits you!
You die...

#. #. #. #.
##.### . #....
....#..W#####..
......b@.......
##..#..........
.............
#..###########
#. #


You could see skelma's ghost and a bat.

Vanquished Creatures
  Robin (D:1)
  3 adders (D:2)
  An ooze (D:1)
  A worm (D:2)
  A dart slug (D:1)
  2 giant geckos
  A ball python (D:1)
  5 bats
  A giant cockroach (D:1)
  12 goblins
  6 hobgoblins
  A quokka (D:2)
  A giant newt (D:2)
  4 kobolds
  8 rats
48 creatures vanquished.

Notes
Turn   | Place    | Note
--------------------------------------------------------------
     0 | D:1      | Quirk the Gargoyle Fighter began the quest for the Orb.
     0 | D:1      | Reached XP level 1. HP: 14/14 MP: 1/1
   153 | D:1      | Reached XP level 2. HP: 17/19 MP: 2/2
   320 | D:1      | Upgraded the game from 0.18-a0-1760-gbb863503 to 0.18-a0-1774-gce1f7b6
   451 | D:1      | Reached XP level 3. HP: 23/24 MP: 3/3
   709 | D:2      | Noticed Robin
   908 | D:1      | Killed Robin
  1172 | D:2      | Found a sparkling altar of Nemelex Xobeh.
  1288 | D:2      | Reached XP level 4. HP: 29/29 MP: 4/4
  1365 | D:2      | Reached skill level 1 in Stealth
  1822 | D:3      | Noticed skelma's ghost (amateur TrFi)
  1867 | D:3      | Slain by skelma's ghost

Vault maps used:
D:1:      dpeg_arrival_simpleton_a, hangedman_decor_points
D:2:      nemelex_lonely_heart_becter, uniq_robin
D:3:      first_bread, nicolae_tso_carved_into_rock, uniq_iyjb

Skill      XL: |  1  2  3  4 |
---------------+-------------+-----
Armour         | 4 |  4.1
Stealth        | 1 |  1.2
Fighting       | 4 |  4.1
Maces & Flails | |  2.3
Dodging        | |  0.5
Shields        | |  3.9

Action                   |  1- 3 |  4- 6 || total
-------------------------+-------+-------++-------
Melee: Flail             |    23 |       ||    23
       Flail             |    78 |    80 ||   158
  Eat: Chunk             |     5 |    10 ||    15
Armor: Scale mail        |    10 |       ||    10
       Scale mail        |    34 |       ||    34
       Animal skin       |    16 |    47 ||    63
Dodge: Dodged            |    10 |       ||    10
       Dodged            |    35 |    45 ||    80
Block: Shield            |     9 |       ||     9
       Shield            |    61 |    53 ||   114
